AoeStats
← randomciv

Enclosed

504324184Analyzed
1v1 RM · 28d ago on Sep 4, 2026· 44m 10s· 2 players
Game mode
Random Map
Map size
Tiny (2 player)
Population
200
Speed
Normal
Resources
Standard
Victory
Conquest
Starting age
Dark Age
Ending age
Imperial Age
RankedLock teamsTeams togetherTeam positionsShared explorationLock speedFull tech treeHidden civsTurbo modeCheats
Victory
Defeat
🇦🇷 Cumans · Argentina
1914
+17
🇹🇷 Shu · Türkiye
1926
-17
randomciv
6:13 Loom
8:55 Feudal Age
10:13 Man-at-Arms
14:03 Fletching
15:42 Double-Bit Axe
16:45 Horse Collar
18:34 Padded Archer Armor
24:01 Castle Age
23:50 Gold Mining
24:05 Scale Barding Armor
24:11 Forging
24:54 Wheelbarrow
27:10 Bloodlines
28:18 Chain Barding Armor
29:46 Fervor
29:49 Bow Saw
33:08 Town Watch
33:15 Capped Ram
35:46 Iron Casting
35:51 Hand Cart
39:11 Imperial Age
39:08 Gold Shaft Mining
39:16 Siege Ram
40:12 Guilds
40:41 Plate Barding Armor
41:37 Blast Furnace
40:10 Cavalier
42:50 Bodkin Arrow
43:58 Ballistics
44:39 Chemistry
43:55 Leather Archer Armor
Maverick_Taha
9:18 Feudal Age
9:04 Loom
9:56 Double-Bit Axe
15:14 Fletching
16:18 Padded Archer Armor
22:11 Wheelbarrow
26:06 Castle Age
27:29 Scale Mail Armor
27:43 Bow Saw
27:14 Horse Collar
29:50 Forging
36:07 Chain Mail Armor
35:53 Squires
39:51 Bodkin Arrow
43:43 Imperial Age
41:27 Arson
44:56 Plate Mail Armor
Connection lost

Rejoining the realm…

Still unreachable

The connection could not be restored.

Session expired

The server has moved on; the page needs a fresh start.